 Dungeon Crawl Stone Soup version 0.29-a0-284-gf9362112df (webtiles) character file.

Game seed: 10851322767457422708

171 Cecur the Covered (level 5, -1/42 HPs)
             Began as a Formicid Fighter on Mar 16, 2022.
             Slain by an orc priest
             ... wielding a +0 mace
              (4 damage)
             ... on level 3 of the Dungeon.
             The game lasted 00:03:09 (2546 turns).

Cecur the Covered (Formicid Fighter)                Turns: 2546, Time: 00:03:09

Health: -1/42      AC:  7    Str: 23    XL:     5   Next: 81%
Magic:  5/5        EV:  9    Int:  7    God:
Gold:   176        SH:  4    Dex: 10    Spells: 4/4 levels left

rFire   . . .      SeeInvis +   t - +2 flail (drain)
rCold   . . .      Faith    .   c - +0 buckler
rNeg    . . .      Spirit   .   b - +0 scale mail
rPois   .          Reflect  .   (helmet unavailable)
rElec   .          Harm     .   (no cloak)
rCorr   .          Rampage  .   (no gloves)
Will    .....                   (no boots)
Stlth   ..........              (no amulet)
HPRegen 0.14/turn               e - ring of flight
MPRegen 0.09/turn               (no ring)

@: mighty, flying
A: permanent stasis, dig shafts and tunnels, antennae 3, four strong arms
a: Dig, Shaft Self


You were on level 3 of the Dungeon.
You visited 1 branch of the dungeon, and saw 3 of its levels.

You collected 176 gold pieces.

Inventory:

Hand Weapons
 a - a +0 flail
 k - a +2 whip of draining
 t - a +2 flail of draining (weapon)
Armour
 b - a +0 scale mail (worn)
 c - a +0 buckler (worn)
 o - a +0 cloak
Jewellery
 e - a ring of flight (left hand)
 j - a +6 ring of intelligence
Scrolls
 f - 3 scrolls of magic mapping {unknown}
 i - 7 scrolls of identify {unknown}
 l - 2 scrolls of enchant armour {unknown}
 m - a scroll of blinking {unknown}
 q - a scroll of vulnerability {unknown}
 s - a scroll of fear {unknown}
Potions
 d - a potion of might
 g - a potion of berserk rage {unknown}
 h - a potion of ambrosia {unknown}
 n - a potion of degeneration {unknown}
 p - a potion of lignification {unknown}


   Skills:
 + Level 4.0 Fighting
 + Level 3.6 Maces & Flails
 + Level 4.4 Armour
 + Level 0.8 Dodging
 + Level 4.3 Shields


You had 4 spell levels left.
You didn't know any spells.
Your spell library was empty.

Dungeon Overview and Level Annotations

Branches:
Dungeon (3/15)

Altars:


Innate Abilities, Weirdness & Mutations

You cannot be hasted, slowed, berserked, paralysed or teleported.
You can dig through walls and to a lower floor.
You have a pair of large antennae on your head. (SInv)
Your four strong arms can wield two-handed weapons with a shield.


Message History

Beogh smites you!
The orc splashes around in the water.
You are too injured to fight recklessly!
You are too injured to fight recklessly!
You are too injured to fight recklessly!
You are too injured to fight recklessly!
You are too injured to fight recklessly!
You are too injured to fight recklessly!
You are too injured to fight recklessly!
You closely miss the orc priest.
The orc priest is severely wounded.
The orc priest closely misses you. The orc completely misses you.
You barely miss the orc priest.
The orc priest is severely wounded.
The orc priest invokes the aid of Beogh against you.
You struggle to resist.
You block the orc's attack.
The orc splashes around in the water.
The orc priest mumbles some strange prayers to Beogh against you.
Pain shoots through your body!
* * * LOW HITPOINT WARNING * * *
You closely miss the orc priest.
The orc priest is severely wounded.
The orc splashes around in the water.
The orc closely misses you. The orc priest hits you with a +0 mace.
* * * LOW HITPOINT WARNING * * *
You closely miss the orc priest.
The orc priest is severely wounded.
The orc splashes around in the water. x2
The orc priest hits you with a +0 mace.
* * * LOW HITPOINT WARNING * * *
The orc splashes around in the water.
You block the orc's attack.
It was a potion of curing.
You feel better. The orc priest closely misses you. You block the orc's attack.
The orc hits you but does no damage.
You feel very mighty all of a sudden. You block the orc priest's attack.
The orc hits you with a +0 hand axe.
* * * LOW HITPOINT WARNING * * *
The orc splashes around in the water.
You closely miss the orc priest.
The orc priest is severely wounded.
The orc priest hits you with a +0 mace.
You die...

#.# .≈≈. #.# .≈.. ##.#
....≈ ##..##.....
#.≈........ ####.≈≈≈...#
###########....≈.o..?#
.##.........#...@o...#
....######..##...o...#
.#### ####..####.≈#..#
.######.....# #........
............####.###.###
..####.#..)......# # ..#
#.#.#.####### ..#
##....# ..######.#.#


You could see an orc priest (very drained) and 2 orcs.

Vanquished Creatures
  An orc priest (D:3)
  An orc wizard (D:3)
  4 adders
  A worm (D:3)
  2 dart slugs (D:1)
  5 orcs (D:3)
  7 ball pythons
  4 bats
  6 endoplasms
  A giant cockroach (D:1)
  7 goblins
  3 hobgoblins
  4 jackals (D:3)
  11 kobolds
  2 quokkas
  2 frilled lizards (D:2)
  3 rats
64 creatures vanquished.

Notes
Turn   | Place    | Note
-------+----------+-------------------------------------------
     0 | D:1      | Cecur the Formicid Fighter began the quest for the Orb.
     0 | D:1      | Reached XP level 1. HP: 18/18 MP: 1/1
   374 | D:1      | Reached XP level 2. HP: 24/24 MP: 2/2
   515 | D:1      | Reached XP level 3. HP: 30/30 MP: 3/3
  1097 | D:2      | Reached XP level 4. HP: 36/36 MP: 4/4
  1425 | D:2      | Found a faded altar of an unknown god.
  2025 | D:3      | Reached XP level 5. HP: 33/42 MP: 5/5
  2542 | D:3      | HP: 2/42 [orc priest/+0 mace (5)]
  2546 | D:3      | Slain by an orc priest

Illustrated notes

Levels and vault maps discovered:
D:1:      dpeg_arrival_line_fractal, layout_loops_ring
D:2:      layout_rooms, ebering_ecumenical_altar_abandoned,
          kennysheep_generic_room_2
D:3:      layout_loops_ring, mainiacjoe_overflow_small_starburst,
          pdpol_wu_jian_five_deadly_venoms, serial_rivers,
          chequers_serial_rivers_micro_c, chequers_serial_rivers_micro_b,
          chequers_serial_rivers_micro_d, chequers_serial_rivers_micro_d,
          chequers_serial_rivers_micro_d

Skill      XL: |  1  2  3  4  5 |
---------------+----------------+-----
Shields        | 4 |  4.3
Maces & Flails | 3 |  3.6
Armour         | 4 |  4.4
Fighting       | 4 |  4.0
Dodging        | |  0.8

Action                   |  1- 3 |  4- 6 || total
-------------------------+-------+-------++-------
Melee: Flail             |    69 |    12 ||    81
       Whip              |    23 |   114 ||   137
  Use: Potion            |       |     2 ||     2
Armor: Scale mail        |    60 |    50 ||   110
Dodge: Dodged            |    51 |    51 ||   102
Block: Buckler           |    17 |    31 ||    48

Table legend: (Time is in decaauts)
 A = Elapsed time spent in this place.
 B = Non-inter-level travel time spent in this place.
 C = Inter-level travel time spent in this place.
 D = Time resting spent in this place.
 E = Time spent auto-exploring this place.
 F = Levels seen in this place.
 G = Mean time per level.
                   A        B        C        D        E       F      G
               +--------+--------+--------+--------+--------+-----+--------+
         Total |   2568 |   2494 |     74 |    160 |   1874 |   3 |  856.0 |
       Dungeon |   2568 |   2494 |     74 |    160 |   1874 |   3 |  856.0 |
               +--------+--------+--------+--------+--------+-----+--------+

Top non-repeatable levels by time:
     D:1: 946 daAuts
     D:3: 890 daAuts
     D:2: 732 daAuts
